 Dungeon Crawl Stone Soup version 0.19-a0-1851-g3228ea0 (webtiles) character file.

226 JeffiDaFish the Vexing (level 5, -4/37 HPs)
             Began as a Vampire Enchanter on Oct 10, 2016.
             Killed by divine providence
             ... invoked by an orc priest
              (17 damage)
             ... on level 3 of the Dungeon.
             The game lasted 00:17:55 (3734 turns).

JeffiDaFish the Vexing (Vampire Enchanter)          Turns: 3734, Time: 00:17:55

Health: -4/37      AC:  3    Str:  8    XL:     5   Next: 69%
Magic:  6/8        EV: 13    Int: 18    God:
Gold:   160        SH:  0    Dex: 14    Spells: 4 memorised, 2 levels left

rFire  . . .     SeeInvis +     f - +3 dagger (speed)
rCold  . . .     Gourm    .     b - +1 robe
rNeg   + . .     Faith    .     (no shield)
rPois  +         Spirit   .     (no helmet)
rElec  .         Dismiss  .     (no cloak)
rCorr  .         Reflect  .     (no gloves)
MR     .....     Harm     .     (no boots)
Stlth  +++.......               (no amulet)
                                (no ring)
                                g - ring of poison resistance

@: no status effects
A: fangs 3, see invisible, unbreathing
a: Bat Form


You were on level 3 of the Dungeon.
You were not thirsty.

You visited 1 branch of the dungeon, and saw 3 of its levels.

You collected 160 gold pieces.

Inventory:

Hand Weapons
 a - a +1 dagger
 f - a +3 dagger of speed (weapon)
Armour
 b - a +1 robe (worn)
Jewellery
 g - a ring of poison resistance (left hand)
Wands
 i - a wand of paralysis (24/24)
 m - a wand of flame (17/48)
Scrolls
 h - 2 scrolls of remove curse
 l - a scroll of identify
Potions
 d - 25 potions of blood
 e - 5 potions of curing
Books
 c - a book of Maledictions

   Spells                             Type                      Level
   a - Corona                         Hexes                        1
   b - Ensorcelled Hibernation        Hexes/Ice                    2
   c - Confuse                        Hexes                        3
   d - Tukima's Dance                 Hexes                        3
   e - Dazzling Spray                 Conjuration/Hexes            3
 j - a book of Cantrips

   Spells                             Type                      Level
   a - Confusing Touch                Hexes                        1
   b - Animate Skeleton               Necromancy                   1
   c - Summon Small Mammal            Summoning                    1
   d - Apportation                    Translocation                1
 k - a book of Misfortune

   Spells                             Type                      Level
   a - Confusing Touch                Hexes                        1
   b - Confuse                        Hexes                        3
   c - Gell's Gravitas                Hexes/Translocation          3
   d - Petrify                        Transmutation/Earth          4
   e - Metabolic Englaciation         Hexes/Ice                    5
   f - Yara's Violent Unravelling     Hexes/Transmutation          5


   Skills:
 * Level 1.5 Fighting
 + Level 2.1 Short Blades
 + Level 3.2 Dodging
 + Level 5.5 Stealth
 + Level 2.6 Spellcasting
 + Level 5.7 Hexes
 + Level 1.4 Necromancy
 + Level 1.0 Ice Magic


You had 2 spell levels left.
You knew the following spells:

 Your Spells              Type           Power        Failure   Level  Hunger
a - Corona                Hex            ###....      1%          1    #......
b - Ensorcelled Hibernat  Hex/Ice        ##....       8%          2    ##.....
c - Animate Skeleton      Necr           N/A          12%         1    #......
d - Confuse               Hex            ###.....     6%          3    ###....


Dungeon Overview and Level Annotations

Branches:
Dungeon (3/15)

Altars:
Cheibriados
Gozag
Kikubaaqudgha
Makhleb
Nemelex Xobeh
Okawaru
Ru
Sif Muna
Trog


Innate Abilities, Weirdness & Mutations

You have razor-sharp teeth.
You have supernaturally acute eyesight. (SInv)
You can survive without breathing.


Message History

Press: ? - help, Shift-Dir - straight line, f - orc priest
Aim: an orc priest, wielding a club (chance to defeat MR: 45%)
The orc priest resists with some effort.
You hit the orc priest.
The orc priest is moderately wounded.
You hit the orc priest.
The orc priest is moderately wounded.
The orc priest hits you with a club.
You hit the orc priest.
The orc priest is heavily wounded.
The orc priest calls upon Beogh to heal the orc priest.
The orc priest is healed somewhat.
You hit the orc priest.
The orc priest is heavily wounded.
The orc priest completely misses you.
You barely miss the orc priest.
The orc priest is heavily wounded.
The orc priest invokes the aid of Beogh against you.
Beogh smites you!
You die...

******* *,,,,,* ########
*.,,,,* #....... *...,,*
#.......
*.o...################.......
*o.....ooooo@...............)
*[....################.......
*****...,,********* #.......
,,,,,.,,,,,,,,,,,,***
########
*****,,,,,*******,,,*
****,**********,* #######
*,**,,,,,,,,,* #......
*,**,********* #####.#####
### *,**,* #.....#


You could see 2 orc priests and 3 orcs.

Vanquished Creatures
  An orc wizard (D:3)
  A bullfrog skeleton (D:3)
  Ijyb (D:2)
  7 adders
  2 worms (D:2)
  2 dart slugs
  A leopard gecko (D:2)
  4 orcs (D:3)
  5 bats
  3 giant cockroaches (D:3)
  7 goblins
  9 hobgoblins
  4 jackals (D:1)
  10 kobolds
  A quokka (D:2)
  4 frilled lizards
  7 rats
69 creatures vanquished.

Notes
Turn   | Place    | Note
-------+----------+-------------------------------------------
     0 | D:1      | JeffiDaFish the Vampire Enchanter began the quest for the Orb.
     0 | D:1      | Reached XP level 1. HP: 13/13 MP: 3/3
   276 | D:1      | Reached XP level 2. HP: 16/19 MP: 5/5
   337 | D:1      | Reached skill level 5 in Hexes
  1121 | D:1      | Learned a level 2 spell: Ensorcelled Hibernation
  1358 | D:2      | Reached skill level 5 in Stealth
  1358 | D:2      | Reached XP level 3. HP: 24/24 MP: 6/6
  1904 | D:2      | Learned a level 1 spell: Animate Skeleton
  2204 | D:2      | Noticed Ijyb
  2209 | D:2      | Killed Ijyb
  2209 | D:2      | Reached XP level 4. HP: 31/31 MP: 0/7
  2532 | D:3      | Reached skill level 1 in Necromancy
  2560 | D:3      | Learned a level 3 spell: Confuse
  2602 | D:3      | Reached skill level 1 in Fighting
  2602 | D:3      | Reached XP level 5. HP: 9/37 MP: 2/8
  2974 | D:3      | Reached skill level 1 in Ice Magic
  3309 | D:3      | Found a burning altar of Makhleb.
  3378 | D:3      | Found an iron altar of Okawaru.
  3382 | D:3      | Found a sacrificial altar of Ru.
  3383 | D:3      | Found a sparkling altar of Nemelex Xobeh.
  3383 | D:3      | Found a snail-covered altar of Cheibriados.
  3384 | D:3      | Found an ancient bone altar of Kikubaaqudgha.
  3385 | D:3      | Found a bloodstained altar of Trog.
  3387 | D:3      | Found an opulent altar of Gozag.
  3569 | D:3      | Found a deep blue altar of Sif Muna.
  3734 | D:3      | Killed from afar by an orc priest

Vault maps used:
D:1:      saegor_arrival_simple_e
D:2:      uniq_iyjb
D:3:      lemuel_blue_sif_altar, minitemple, minmay_misc_feat_tower

Skill      XL: |  1  2  3  4  5 |
---------------+----------------+-----
Hexes          | 5 |  5.7
Stealth        | 5 |  5.5
Necromancy     | 1 |  1.4
Fighting       | 1 |  1.5
Short Blades   | 2 |  2.1
Dodging        | 3 |  3.2
Ice Magic      | 1 |  1.0
Spellcasting   | |  2.6

Action                   |  1- 3 |  4- 6 || total
-------------------------+-------+-------++-------
Melee: Dagger            |   152 |   115 ||   267
       Bite              |     8 |    13 ||    21
 Cast: Ensorcelled Hiber |     5 |     9 ||    14
       Animate Skeleton  |       |     2 ||     2
  Use: Potion            |    10 |     6 ||    16
       Scroll            |     2 |     5 ||     7
 Stab: Sleeping          |     8 |    16 ||    24
Armor: Robe              |    25 |    10 ||    35
Dodge: Dodged            |    83 |    37 ||   120
